TOP OF THE 1ST |
Danville Braves batting - Pitching for Billings Mustangs : RHP Juan Oliveros
|
Pitching: RHP Juan Oliveros
|
|
Batting: RHB Richard Saquic
|
0-0: Ball 1-0: Foul Ball, location: 2F 1-1: Foul Ball, location: 2F 1-2: Ball 2-2: Foul Ball, location: 2F 2-2: Strikes out swinging
|
Batting: RHB Manny Hensley
|
0-0: Ball 1-0: Ball 2-0: Ball 3-0: Called Strike 3-1: Base on Balls
|
Batting: LHB Ricardo Sandoval
|
0-0: Swinging Strike 0-1: Ball 1-1: Grounds out, U3 (Groundball, 3L, EV 102.5 MPH)
|
Batting: RHB Chris Trites
|
0-0: Ball 1-0: Ball 2-0: Called Strike 2-1: Foul Ball, location: 2F 2-2: Foul Ball, location: 2F 2-2: Foul Ball, location: 2F 2-2: Foul Ball, location: 2F 2-2: Ball 3-2: Foul Ball, location: 2F 3-2: Foul Ball, location: 2F 3-2: SINGLE (Line Drive, 78S, EV 95.6 MPH) Manny Hensley to third
|
Batting: SHB Karl Starnes
|
0-0: Ball Chris Trites steals 2nd base 1-0: Ball 2-0: Ground out 4-3 (Groundball, 34, EV 90.6 MPH)
|
Top of the 1st over - 0 runs, 1 hit, 0 errors, 2 left on base; Danville 0 - Billings 0 |
BOTTOM OF THE 1ST |
Billings Mustangs batting - Pitching for Danville Braves : RHP Iestyn Nicholls
|
Pitching: RHP Iestyn Nicholls
|
|
Batting: SHB Gustavo Froio
|
0-0: Called Strike 0-1: Ball 1-1: Ball 2-1: Foul Ball, location: 2F 2-2: Ball 3-2: Base on Balls
|
Batting: LHB Martin Koka
|
0-0: Called Strike 0-1: Ball 1-1: Ball 2-1: Ball 3-1: Foul Ball, location: 2F 3-2: Fielders Choice at 2nd, 4-6 (Groundball, 34, EV 105.0 MPH)
|
Batting: SHB David Garnica
|
0-0: Ball 1-0: Foul Ball, location: 2F 1-1: Ball 2-1: SINGLE (Line Drive, 9LS, EV 93.8 MPH) Martin Koka to second Runner from 2nd tries for 3rd, SAFE, throw by RF made to third
|
Batting: RHB Gabriel Arias
|
0-0: Ball 1-0: Hit by Pitch David Garnica to second
|
Batting: RHB Ji-an See-to
|
0-0: Ball 1-0: Foul Ball, location: 2F 1-1: Ball 2-1: Ball 3-1: Called Strike 3-2: Base on Balls Martin Koka scores David Garnica to third Gabriel Arias to second
|
Batting: RHB Emanuel Estrada
|
0-0: Fly out, F7 (Flyball, 7D, EV 98.1 MPH)
|
Batting: RHB Declan Eichele
|
0-0: Called Strike 0-1: Called Strike 0-2: Ball 1-2: Ball 2-2: Fly out, F7 (Flyball, 7, EV 90.0 MPH)
|
Bottom of the 1st over - 1 run, 1 hit, 0 errors, 3 left on base; Danville 0 - Billings 1 |
TOP OF THE 2ND |
Danville Braves batting - Pitching for Billings Mustangs : RHP Juan Oliveros
|
Batting: LHB Jason Herr
|
0-0: Ball 1-0: Called Strike 1-1: SOLO HOME RUN (Flyball, 78XD, EV 105.6 MPH), Distance : 389 ft
|
Batting: LHB Mitsujiro Tanaka
|
0-0: Ball 1-0: Ground out 4-3 (Groundball, 4, EV 101.9 MPH)
|
Batting: LHB Diego Garcia
|
0-0: Ball 1-0: Called Strike 1-1: Swinging Strike 1-2: Ball 2-2: Ball 3-2: Foul Ball, location: 2F 3-2: Base on Balls
|
Batting: RHB Rodolfo Cosme
|
0-0: Ball 1-0: Foul Ball, location: 2F 1-1: Ball 2-1: 2-RUN HOME RUN (Flyball, 78XD, EV 100.6 MPH), Distance : 389 ft
|
Batting: RHB Richard Saquic
|
0-0: Ball 1-0: Ball 2-0: Ball 3-0: Called Strike 3-1: Base on Balls
|
Batting: RHB Manny Hensley
|
0-0: Ball 1-0: Called Strike 1-1: Called Strike 1-2: Foul Ball, location: 2F 1-2: Fly out, F8 (Flyball, 8RXD, EV 84.4 MPH)
|
Batting: LHB Ricardo Sandoval
|
0-0: Foul Ball, location: 2F 0-1: Called Strike 0-2: Ball 1-2: Ball 2-2: Foul Ball, location: 2F 2-2: SINGLE (Line Drive, 78S, EV 111.9 MPH) Richard Saquic to second Runner from 2nd tries for 3rd, SAFE, no throw by LF
|
Batting: RHB Chris Trites
|
0-0: Called Strike 0-1: Called Strike 0-2: Ball 1-2: Fly out, F8 (Line Drive, 8LD, EV 105.0 MPH)
|
Top of the 2nd over - 3 runs, 3 hits, 0 errors, 2 left on base; Danville 3 - Billings 1 |
BOTTOM OF THE 2ND |
Billings Mustangs batting - Pitching for Danville Braves : RHP Iestyn Nicholls
|
Batting: RHB Juan Oliveros
|
0-0: Bunt missed! 0-1: SINGLE (Groundball, 6, EV 99.4 MPH)
|
Batting: LHB Alex Vazquez
|
0-0: Ball 1-0: Foul Ball, location: 2F 1-1: Ball 2-1: Foul Ball, location: 2F 2-2: Strikes out swinging
|
Batting: SHB Gustavo Froio
|
0-0: Foul Ball, location: 2F 0-1: Ball 1-1: Foul Ball, location: 2F 1-2: Foul Ball, location: 2F 1-2: Strikes out looking
|
Batting: LHB Martin Koka
|
0-0: SINGLE (Groundball, 6S, EV 68.1 MPH) (infield hit) Juan Oliveros to second
|
Batting: SHB David Garnica
|
0-0: Called Strike 0-1: Foul Ball, location: 2F 0-2: Ball 1-2: Strikes out looking
|
Bottom of the 2nd over - 0 runs, 2 hits, 0 errors, 2 left on base; Danville 3 - Billings 1 |
TOP OF THE 3RD |
Danville Braves batting - Pitching for Billings Mustangs : RHP Juan Oliveros
|
Batting: SHB Karl Starnes
|
0-0: Ball 1-0: Ball 2-0: Called Strike 2-1: Swinging Strike 2-2: Strikes out swinging
|
Batting: LHB Jason Herr
|
0-0: Ball 1-0: Called Strike 1-1: Foul Ball, location: 2F 1-2: Ball 2-2: Fly out, F7 (Flyball, 7S, EV 87.5 MPH)
|
Batting: LHB Mitsujiro Tanaka
|
0-0: Swinging Strike 0-1: Ball 1-1: Foul Ball, location: 2F 1-2: SOLO HOME RUN (Line Drive, 9LD, EV 96.2 MPH), Distance : 374 ft
|
Batting: LHB Diego Garcia
|
0-0: Called Strike 0-1: Ball 1-1: Called Strike 1-2: Ball 2-2: Ground out 1-3 (Groundball, 13S, EV 66.2 MPH)
|
Top of the 3rd over - 1 run, 1 hit, 0 errors, 0 left on base; Danville 4 - Billings 1 |
BOTTOM OF THE 3RD |
Billings Mustangs batting - Pitching for Danville Braves : RHP Iestyn Nicholls
|
Batting: RHB Gabriel Arias
|
0-0: Ball 1-0: Ground out 6-3 (Groundball, 56, EV 86.9 MPH)
|
Batting: RHB Ji-an See-to
|
0-0: Ball 1-0: SINGLE (Groundball, 4, EV 98.8 MPH)
|
Batting: RHB Emanuel Estrada
|
0-0: Called Strike 0-1: Ball 1-1: Ball 2-1: Foul Ball, location: 2F 2-2: Ball 3-2: Strikes out looking
|
Batting: RHB Declan Eichele
|
0-0: Ball 1-0: Foul Ball, location: 2F 1-1: Swinging Strike 1-2: Ball 2-2: DOUBLE (Flyball, 89D, EV 104.4 MPH) Ji-an See-to to third
|
Batting: RHB Juan Oliveros
|
0-0: Fly out, F9 (Flyball, 9S, EV 83.1 MPH)
|
Bottom of the 3rd over - 0 runs, 2 hits, 0 errors, 2 left on base; Danville 4 - Billings 1 |
TOP OF THE 4TH |
Danville Braves batting - Pitching for Billings Mustangs : RHP Juan Oliveros
|
Pitching: RHP Cortez Restrepo
|
|
Batting: RHB Rodolfo Cosme
|
0-0: Called Strike 0-1: Swinging Strike 0-2: Strikes out swinging
|
Batting: RHB Richard Saquic
|
0-0: Fly out, F9 (Flyball, 9S, EV 81.2 MPH)
|
Batting: RHB Manny Hensley
|
0-0: Ball 1-0: Called Strike 1-1: Called Strike 1-2: Strikes out swinging
|
Top of the 4th over - 0 runs, 0 hits, 0 errors, 0 left on base; Danville 4 - Billings 1 |
BOTTOM OF THE 4TH |
Billings Mustangs batting - Pitching for Danville Braves : RHP Iestyn Nicholls
|
Batting: LHB Alex Vazquez
|
0-0: Called Strike 0-1: Called Strike 0-2: Foul Ball, location: 2F 0-2: Strikes out looking
|
Batting: SHB Gustavo Froio
|
0-0: SINGLE (Line Drive, 9S, EV 109.4 MPH)
|
Batting: LHB Martin Koka
|
0-0: Ball 1-0: Called Strike 1-1: Ball 2-1: Swinging Strike 2-2: Strikes out swinging
|
Batting: SHB David Garnica
|
0-0: Ball 1-0: Swinging Strike 1-1: Ball 2-1: Foul Ball, location: 2F 2-2: Ball 3-2: Base on Balls Gustavo Froio to second
|
Batting: RHB Gabriel Arias
|
0-0: Foul Ball, location: 2F 0-1: Foul Ball, location: 2F 0-2: Ball 1-2: Strikes out swinging
|
Bottom of the 4th over - 0 runs, 1 hit, 0 errors, 2 left on base; Danville 4 - Billings 1 |
TOP OF THE 5TH |
Danville Braves batting - Pitching for Billings Mustangs : RHP Cortez Restrepo
|
Pitching: RHP Cory Fischer
|
|
Batting: LHB Ricardo Sandoval
|
0-0: Ball 1-0: Ball 2-0: Called Strike 2-1: Ball 3-1: Called Strike 3-2: Base on Balls
|
Batting: RHB Chris Trites
|
0-0: Ball 1-0: Called Strike 1-1: Foul Ball, location: 2F 1-2: Ball 2-2: Foul Ball, location: 2F 2-2: Foul Ball, location: 2F 2-2: Strikes out swinging
|
Batting: SHB Karl Starnes
|
0-0: Ball Ricardo Sandoval is caught stealing 2nd base 2-6 1-0: Ball 2-0: Called Strike 2-1: Ball 3-1: Base on Balls
|
Batting: LHB Jason Herr
|
0-0: Ball 1-0: Foul Ball, location: 2F 1-1: SINGLE (Line Drive, 4D, EV 100.0 MPH) Karl Starnes to second Runner from 2nd tries for 3rd, SAFE, throw by CF made to third
|
Batting: LHB Mitsujiro Tanaka
|
0-0: Swinging Strike 0-1: Swinging Strike 0-2: Ball 1-2: Ball 2-2: Foul Ball, location: 2F 2-2: Ball 3-2: Strikes out swinging
|
Top of the 5th over - 0 runs, 1 hit, 0 errors, 2 left on base; Danville 4 - Billings 1 |
BOTTOM OF THE 5TH |
Billings Mustangs batting - Pitching for Danville Braves : RHP Iestyn Nicholls
|
Batting: RHB Ji-an See-to
|
0-0: Ball 1-0: Ball 2-0: Foul Ball, location: 2F 2-1: Ball 3-1: Called Strike 3-2: Foul Ball, location: 2F 3-2: Strikes out swinging
|
Batting: RHB Emanuel Estrada
|
0-0: DOUBLE (Groundball, 5L, EV 95.0 MPH)
|
Batting: RHB Declan Eichele
|
0-0: Swinging Strike 0-1: Ground out 4-3 (Groundball, 4, EV 88.8 MPH) Emanuel Estrada to third
|
Pitching: RHP Geronimo Savio
|
|
Batting: RHB Juan Oliveros
|
0-0: Ball 1-0: Foul Ball, location: 2F 1-1: Ball Passed Ball! Emanuel Estrada scores 2-1: Ball 3-1: Base on Balls
|
Batting: LHB Alex Vazquez
|
0-0: Foul Ball, location: 2F 0-1: Ball 1-1: Swinging Strike 1-2: Strikes out swinging
|
Bottom of the 5th over - 1 run, 1 hit, 0 errors, 1 left on base; Danville 4 - Billings 2 |
TOP OF THE 6TH |
Danville Braves batting - Pitching for Billings Mustangs : RHP Cory Fischer
|
Pitching: LHP Gabe Alcantara
|
|
Batting: LHB Diego Garcia
|
0-0: Foul Ball, location: 2F 0-1: Swinging Strike 0-2: Ball 1-2: Ball 2-2: Foul Ball, location: 2F 2-2: DOUBLE (Line Drive, 9LM, EV 95.0 MPH)
|
Batting: RHB Rodolfo Cosme
|
0-0: Ball 1-0: Ball 2-0: Ball 3-0: Base on Balls
|
Batting: RHB Richard Saquic
|
0-0: Ball 1-0: Ball 2-0: Ball 3-0: Base on Balls Diego Garcia to third Rodolfo Cosme to second
|
Batting: RHB Manny Hensley
|
0-0: Ball 1-0: Called Strike 1-1: Ball 2-1: Ball 3-1: Base on Balls Diego Garcia scores Rodolfo Cosme to third Richard Saquic to second
|
Batting: LHB Ricardo Sandoval
|
0-0: Called Strike 0-1: Foul Ball, location: 2F 0-2: Ball 1-2: Strikes out swinging
|
Batting: RHB Chris Trites
|
0-0: Ball 1-0: Called Strike 1-1: Ball 2-1: Ball 3-1: Foul Ball, location: 2F 3-2: Base on Balls Rodolfo Cosme scores Richard Saquic to third Manny Hensley to second
|
Batting: SHB Karl Starnes
|
0-0: Ball 1-0: Ball 2-0: Ball 3-0: Base on Balls Richard Saquic scores Manny Hensley to third Chris Trites to second
|
Batting: LHB Jason Herr
|
0-0: Ball 1-0: SINGLE (Line Drive, 78S, EV 90.0 MPH) Manny Hensley scores Chris Trites to third Karl Starnes to second Runner from 3rd tries for Home, SAFE, throw by LF to home
|
Pitching: RHP Dave Baber
|
|
Batting: LHB Mitsujiro Tanaka
|
0-0: Called Strike 0-1: Called Strike 0-2: Foul Ball, location: 2F 0-2: Strikes out swinging
|
Batting: LHB Diego Garcia
|
0-0: Ball 1-0: Foul Ball, location: 2F 1-1: Called Strike 1-2: Strikes out swinging
|
Top of the 6th over - 5 runs, 2 hits, 0 errors, 2 left on base; Danville 9 - Billings 2 |
BOTTOM OF THE 6TH |
Billings Mustangs batting - Pitching for Danville Braves : RHP Geronimo Savio
|
Batting: SHB Gustavo Froio
|
0-0: Called Strike 0-1: Ball 1-1: Ball 2-1: Ground out 4-3 (Groundball, 4D, EV 106.2 MPH)
|
Batting: LHB Martin Koka
|
0-0: Ground out 3-1 (Groundball, 34D, EV 88.8 MPH)
|
Batting: SHB David Garnica
|
0-0: Ball 1-0: Swinging Strike 1-1: Foul Ball, location: 2F 1-2: SINGLE (Line Drive, 6D, EV 95.0 MPH)
|
Batting: RHB Gabriel Arias
|
0-0: Ball 1-0: DOUBLE (Flyball, 89XD, EV 100.0 MPH) David Garnica to third Runner from 3rd tries for Home, SAFE, no throw by CF
|
Batting: RHB Ji-an See-to
|
0-0: Foul Ball, location: 2F 0-1: Reaches on Catchers interference
|
Batting: RHB Emanuel Estrada
|
0-0: Called Strike 0-1: Ball 1-1: DOUBLE (Line Drive, 9LS, EV 107.5 MPH) Gabriel Arias scores Ji-an See-to to third
|
Batting: RHB Declan Eichele
|
0-0: Foul Ball, location: 2F 0-1: Ball 1-1: Ball 2-1: Ball 3-1: Base on Balls
|
Batting: RHB Juan Oliveros
|
0-0: Called Strike 0-1: Ball 1-1: SINGLE (Flyball, 6D, EV 96.2 MPH) Ji-an See-to scores Emanuel Estrada to third Declan Eichele to second Runner from 3rd tries for Home, throw by CF and OUT! 8-2
|
Bottom of the 6th over - 3 runs, 4 hits, 1 error, 2 left on base; Danville 9 - Billings 5 |
TOP OF THE 7TH |
Danville Braves batting - Pitching for Billings Mustangs : RHP Dave Baber
|
Batting: RHB Rodolfo Cosme
|
0-0: Ball 1-0: Called Strike 1-1: Ball 2-1: Ball 3-1: Called Strike 3-2: Foul Ball, location: 2F 3-2: Foul Ball, location: 2F 3-2: Strikes out looking
|
Batting: RHB Richard Saquic
|
0-0: Ball 1-0: Ball 2-0: Ball 3-0: Base on Balls
|
Batting: RHB Manny Hensley
|
0-0: Ball Richard Saquic steals 2nd base 1-0: Fly out, F8 (Flyball, 8RD, EV 103.8 MPH)
|
Batting: LHB Ricardo Sandoval
|
0-0: 2-RUN HOME RUN (Flyball, 9D, EV 97.5 MPH), Distance : 375 ft
|
Batting: RHB Chris Trites
|
0-0: Swinging Strike 0-1: Foul Ball, location: 2F 0-2: Foul Ball, location: 2F 0-2: Foul Ball, location: 2F 0-2: Ball 1-2: Ball 2-2: Foul Ball, location: 2F 2-2: Foul Ball, location: 2F 2-2: Foul Ball, location: 2F 2-2: Foul Ball, location: 2F 2-2: SOLO HOME RUN (Flyball, 7D, EV 93.1 MPH), Distance : 366 ft
|
Batting: SHB Karl Starnes
|
0-0: Ball 1-0: Ball 2-0: Ball 3-0: Called Strike 3-1: Called Strike 3-2: Strikes out looking
|
Top of the 7th over - 3 runs, 2 hits, 0 errors, 0 left on base; Danville 12 - Billings 5 |
BOTTOM OF THE 7TH |
Billings Mustangs batting - Pitching for Danville Braves : RHP Geronimo Savio
|
Batting: LHB Alex Vazquez
|
0-0: Reached on error, E6 (Groundball, 6, EV 89.4 MPH)
|
Batting: SHB Gustavo Froio
|
0-0: Ball 1-0: Called Strike 1-1: Foul Ball, location: 2F 1-2: Ball 2-2: Foul Ball, location: 2F 2-2: Foul Ball, location: 2F 2-2: Foul Ball, location: 2F 2-2: Ball 3-2: Foul Ball, location: 2F 3-2: SINGLE (Groundball, 5L, EV 99.4 MPH) (infield hit) Alex Vazquez to second
|
Pitching: RHP Armando Padron
|
|
Batting: LHB Martin Koka
|
0-0: Ball Wild Pitch! Alex Vazquez to third Gustavo Froio to second 1-0: Foul Ball, location: 2F 1-1: Reached on error, E6 (Groundball, 6M, EV 83.8 MPH) Alex Vazquez scores Gustavo Froio scores
|
Batting: SHB David Garnica
|
0-0: Ball 1-0: Swinging Strike 1-1: Foul Ball, location: 2F 1-2: Ball 2-2: Foul Ball, location: 2F 2-2: Ball 3-2: Foul Ball, location: 2F 3-2: Base on Balls
|
Batting: RHB Gabriel Arias
|
0-0: Ball 1-0: Ball 2-0: Ball 3-0: Called Strike 3-1: Foul Ball, location: 2F 3-2: Strikes out looking
|
Batting: RHB Ji-an See-to
|
0-0: Called Strike 0-1: Ball 1-1: Called Strike 1-2: Foul Ball, location: 2F 1-2: Strikes out looking
|
Batting: RHB Emanuel Estrada
|
0-0: Ball 1-0: Called Strike 1-1: Called Strike 1-2: Strikes out swinging
|
Bottom of the 7th over - 2 runs, 1 hit, 2 errors, 2 left on base; Danville 12 - Billings 7 |
TOP OF THE 8TH |
Danville Braves batting - Pitching for Billings Mustangs : RHP Dave Baber
|
Pitching: RHP Jeff Buchanan
|
|
Batting: LHB Jason Herr
|
0-0: Ball 1-0: Foul Ball, location: 2F 1-1: Fly out, F7 (Flyball, 7S, EV 88.8 MPH)
|
Batting: LHB Mitsujiro Tanaka
|
0-0: Ball 1-0: Foul Ball, location: 2F 1-1: Ball 2-1: SINGLE (Groundball, 3D, EV 105.0 MPH)
|
Batting: LHB Diego Garcia
|
0-0: Ball 1-0: Swinging Strike 1-1: Ball 2-1: Called Strike Mitsujiro Tanaka is caught stealing 2nd base 2-6 2-2: Foul Ball, location: 2F 2-2: Ball 3-2: Ground out 4-3 (Groundball, 4, EV 98.1 MPH)
|
Top of the 8th over - 0 runs, 1 hit, 0 errors, 0 left on base; Danville 12 - Billings 7 |
BOTTOM OF THE 8TH |
Billings Mustangs batting - Pitching for Danville Braves : RHP Armando Padron
|
Batting: RHB Declan Eichele
|
0-0: Called Strike 0-1: Fly out, F7 (Line Drive, 7, EV 91.2 MPH)
|
Batting: LHB Armando Arellano
|
0-0: Called Strike 0-1: Foul Ball, location: 2F 0-2: Strikes out swinging
|
Batting: LHB Alex Vazquez
|
0-0: Called Strike 0-1: Ball 1-1: Called Strike 1-2: Strikes out swinging
|
Bottom of the 8th over - 0 runs, 0 hits, 0 errors, 0 left on base; Danville 12 - Billings 7 |
TOP OF THE 9TH |
Danville Braves batting - Pitching for Billings Mustangs : RHP Jeff Buchanan
|
Batting: RHB Rodolfo Cosme
|
0-0: Called Strike 0-1: Ball 1-1: Called Strike 1-2: Strikes out swinging
|
Batting: RHB Richard Saquic
|
0-0: Ball 1-0: Ground out 3-1 (Groundball, 34, EV 91.9 MPH)
|
Batting: RHB Manny Hensley
|
0-0: Ball 1-0: Ball 2-0: Foul Ball, location: 2F 2-1: Foul Ball, location: 2F 2-2: Foul Ball, location: 2F 2-2: Ground out 6-3 (Groundball, 6D, EV 95.0 MPH)
|
Top of the 9th over - 0 runs, 0 hits, 0 errors, 0 left on base; Danville 12 - Billings 7 |
BOTTOM OF THE 9TH |
Billings Mustangs batting - Pitching for Danville Braves : RHP Armando Padron
|
Pitching: RHP Tyler Duffy
|
|
Batting: SHB Gustavo Froio
|
0-0: Called Strike 0-1: Swinging Strike 0-2: Ball 1-2: Ball 2-2: SINGLE (Groundball, 4MD, EV 102.5 MPH)
|
Batting: LHB Martin Koka
|
0-0: TRIPLE (Line Drive, 9D, EV 99.4 MPH) Gustavo Froio scores
|
Batting: SHB David Garnica
|
0-0: Ball 1-0: Ball 2-0: Called Strike 2-1: Ball 3-1: Fly out, F5 (Line Drive, 56, EV 75.0 MPH)
|
Batting: RHB Gabriel Arias
|
0-0: Called Strike 0-1: DOUBLE (Groundball, 3L, EV 109.4 MPH) Martin Koka scores
|
Pitching: LHP Tyler Portier
|
|
Batting: RHB Ji-an See-to
|
0-0: Ball 1-0: Ball 2-0: Fly out, F8 (Flyball, 89M, EV 93.1 MPH)
|
Pinch Hitting: RHB Fred Barbour
|
0-0: Fly out, F8 (Flyball, 8RD, EV 103.8 MPH)
|
Bottom of the 9th over - 2 runs, 3 hits, 0 errors, 1 left on base; Danville 12 - Billings 9 |
|